 Dungeon Crawl Stone Soup version 0.22-a0-305-gd21a89c (webtiles) character file.

18 xccam the Shield-Bearer (level 2, 0/36 HPs)
             Began as a Formicid Fighter on Apr 1, 2018.
             Succumbed to an adder's poison
             ... on level 2 of the Dungeon.
             The game lasted 00:01:28 (484 turns).

xccam the Shield-Bearer (Formicid Fighter)           Turns: 484, Time: 00:01:28

Health: 0/36       AC: 21    Str: 20    XL:     2   Next: 90%
Magic:  2/2        EV:  2    Int:  7    God:
Gold:   62         SH:  9    Dex: 10    Spells: 1/1 levels left

rFire    . . .     SeeInvis .   a - +0 war axe
rCold    . . .     Gourm    .   c - +0 shield
rNeg     + + +     Faith    .   (armour currently unavailable)
rPois    +         Spirit   .   (helmet unavailable)
rElec    .         Reflect  .   (cloak currently unavailable)
rCorr    .         Harm     .   (gloves currently unavailable)
MR       .....                  (boots currently unavailable)
Stlth    +.........             (no amulet)
HPRegen  0.12/turn              (no ring)
MPRegen  0.08/turn              (no ring)

@: lethally poisoned (0 -> -11), tree-form
A: permanent stasis, dig shafts and tunnels, four strong arms
a: no special abilities


You were on level 2 of the Dungeon.
You were not hungry.
You were a tree.
You visited 1 branch of the dungeon, and saw 2 of its levels.

You collected 62 gold pieces.

Inventory:

Hand Weapons
 a - a +0 war axe (weapon)
Armour
 b - a +0 scale mail (melded)
 c - a +0 shield (worn)
Scrolls
 e - 2 scrolls of amnesia {unknown}
 g - a scroll of remove curse {unknown}
 h - 3 scrolls of identify {unknown}
 j - 2 scrolls of magic mapping {unknown}
 k - a scroll of blinking {unknown}
Potions
 d - a potion of might
Comestibles
 f - a ration


   Skills:
 - Level 3.2 Fighting
 + Level 3.2 Axes
 - Level 3.2 Armour
 - Level 3.6 Shields


You had one spell level left.
You didn't know any spells.

Dungeon Overview and Level Annotations

Branches:
Dungeon (2/15)

Altars:
Nemelex Xobeh


Innate Abilities, Weirdness & Mutations

You cannot be hasted, slowed, berserked, paralysed or teleported.
You can dig through walls and to a lower floor.
Your four strong arms can wield two-handed weapons with a shield.
((You have a pair of large antennae on your head. (SInv)))


Message History

You miss the adder.
The adder is heavily wounded.
* * * LOW HITPOINT WARNING * * *
You feel sick. The adder bites you but does no damage.
You block the adder's attack.
You hit the adder but do no damage.
The adder is heavily wounded.
* * * LOW HITPOINT WARNING * * *
You feel sick. The adder bites you.
* * * LOW HITPOINT WARNING * * *
You are more poisoned.
The adder poisons you!
You miss the adder.
The adder is heavily wounded.
* * * LOW HITPOINT WARNING * * *
You feel sick.
The adder bites you but does no damage. x2
Unknown command.
You miss the adder.
The adder is heavily wounded.
You die...

###.#
##...#
###⌠.⌠†##
#..._...#
#.#⌠.⌠###
#.##.##
#....#
####.####
#S♣..#
#...###.#
#.#. # ..
#. . ..
##


You could see an adder.

Vanquished Creatures
  A dart slug (D:1)
  4 bats (D:1)
  A giant cockroach (D:1)
  3 goblins (D:1)
  2 hobgoblins
  A frilled lizard (D:1)
  2 kobolds (D:1)
  A rat (D:1)
15 creatures vanquished.

Notes
Turn   | Place    | Note
-------+----------+-------------------------------------------
     0 | D:1      | xccam the Formicid Fighter began the quest for the Orb.
     0 | D:1      | Reached XP level 1. HP: 18/18 MP: 1/1
    54 | D:1      | Reached XP level 2. HP: 19/24 MP: 2/2
   457 | D:2      | Found a sparkling altar of Nemelex Xobeh.
   483 | D:2      | HP: 1/36 [poisoned by an adder]
   484 | D:2      | Succumbed to an adder's poison

Vault maps used:
D:1:      sevenhm_arrival_forest_fort_small_6
D:2:      nicolae_tso_carved_into_rock, chequers_temple_overflow_minitemple,
          yredelemnul_forgotten_temple_becter, nemelex_xobeh_ov_fountains_minmay

Skill      XL: |  1  2 |
---------------+-------+-----
Axes           | 3 |  3.2
Fighting       | |  3.2
Armour         | |  3.2
Shields        | |  3.6

Action                   || total
-------------------------++-------
Melee: War axe           ||    71
  Use: Potion            ||     1
Armor: Scale mail        ||    41
       Skin              ||     5
Dodge: Dodged            ||    22
Block: Shield            ||    41

Table legend:
 A = Spawn XP
 B = Non-spawn XP
 C = Spawn XP percentage of total XP
 D = Spawn monster count
 E = Non-spawn monster count
 F = Spawn count percentage of total count
 G = Total turns spent on level
                    A         B        C        D         E        F      G
               +---------+---------+-------+---------+---------+-------+---------
         Total |       0 |      27 |   0.0 |       0 |      15 |   0.0 |   484
               +---------+---------+-------+---------+---------+-------+---------
           D:1 |       0 |      25 |   0.0 |       0 |      14 |   0.0 |   454
           D:2 |       0 |       2 |   0.0 |       0 |       1 |   0.0 |    30
               +---------+---------+-------+---------+---------+-------+---------
